 Dungeon Crawl Stone Soup version 0.31-a0-208-gdb31a4691d (webtiles) character file.

Game seed: 17607615898776973656

20 frimble the Cutter (level 2, -1/19 HPs)
             Began as an Octopode Warper on June 29, 2023.
             Slain by a ball python (2 damage)
             ... on level 1 of the Dungeon.
             The game lasted 00:00:31 (463 turns).

frimble the Cutter (Octopode Warper)                 Turns: 463, Time: 00:00:32

Health: -1/19      AC:  1    Str: 10    XL:     2   Next: 79%
Magic:  5/5        EV: 10    Int: 15    God:
Gold:   26         SH:  0    Dex: 11    Spells: 5/5 levels left

rFire   . . .        a - +0 short sword
rCold   . . .        (no shield)
rNeg    . . .        (helmet restricted)
rPois   .            (no amulet)
rElec   .            (no ring)
rCorr   .            (no ring)
SInv    .            (no ring)
Will    +....        (no ring)
Stlth   ++           (no ring)
HPRegen 0.23/turn    (no ring)
MPRegen 0.09/turn    (no ring)
                     (no ring)

%: no passive effects
@: enlightened, flying, constricted
A: almost no armour, amphibious, 8 rings, camouflage 1, gelatinous body 1,
(nimble swimmer 1), tentacles
a: no special abilities


You were on level 1 of the Dungeon.
You visited 1 branch of the dungeon, and saw 1 of its levels.

You collected 26 gold pieces.

Inventory:

Hand Weapons
 a - a +0 short sword (weapon)
Missiles
 c - 7 boomerangs of dispersal (quivered)
Scrolls
 b - a scroll of blinking
 d - a scroll of fear {unknown}
 f - a scroll of teleportation {unknown}
Potions
 g - 2 potions of berserk rage {unknown}


   Skills:
 - Level 2.0 Fighting
 + Level 3.1 Short Blades
 - Level 1.0 Throwing
 - Level 2.3 Dodging
 + Level 1.0 Stealth
 - Level 2.0 Spellcasting
 - Level 3.0 Translocations


You had 5 spell levels left.
You didn't know any spells.
Your spell library contained the following spells:

 Spells                   Type           Power      Damage    Failure   Level
 Blink                    Tloc           20%        N/A       10%         2
 Lesser Beckoning         Tloc           20%        N/A       10%         2
 Teleport Other           Tloc           10%        N/A       19%         3
 Magic Dart               Conj           4%         1d3       22%         1
 Call Imp                 Summ           2%         N/A       32%         2
 Vhi's Electric Charge    Tloc/Air       12%        N/A       34%         3
 Mephitic Cloud           Conj/Pois/Air  1%         N/A       54%         3
 Manifold Assault         Tloc           10%        N/A       54%         4


Dungeon Overview and Level Annotations

Branches:
Dungeon (1/15)

Altars:


Innate Abilities, Weirdness & Mutations

You cannot wear most types of armour.
You are amphibious.
You can wear up to eight rings at the same time.
Your skin changes colour to match your surroundings (Stealth+).
Your rubbery body absorbs attacks. (AC +1, EV +1)
((You are camouflaged when in or above water. (Stealth+)))
You have tentacles for arms and can constrict up to eight enemies at once.


Message History

The goblin shouts!
You hear an angry hiss.
You hear a bark!
You see here a silvery potion. 2 jackals come into view.
The jackal barks! x2; The goblin shouts!
A ball python comes into view.
You hit the goblin but do no damage. Your grab misses the goblin.
You squeeze the goblin.
You kill the goblin!
You barely miss the jackal. Your grab misses the jackal. You hit the jackal.
You grab the jackal.
The jackal is moderately wounded.
You constrict the jackal, but do no damage.
The goblin hits you with a +0 club. The jackal bites you.
You are too injured to fight recklessly!
You are too injured to fight recklessly!
You are too injured to fight recklessly!
You are too injured to fight recklessly!
You are too injured to fight recklessly!
You hit the jackal.
You kill the jackal!
The jackal bites you but does no damage.
The goblin hits you with a +0 club.
Your Stealth skill increases to level 1!
You closely miss the goblin. Your grab misses the goblin.
The jackal bites you but does no damage.
You hit the goblin. You grab the goblin.
The goblin is moderately wounded.
You constrict the goblin. The jackal barely misses you.
The goblin hits you with a +0 club.
* * * LOW HITPOINT WARNING * * *
The jackal bites you.
* * * LOW HITPOINT WARNING * * *
The ball python completely misses you. The ball python grabs you.
The ball python constricts you.
* * * LOW HITPOINT WARNING * * *
It was a potion of enlightenment.
You feel very buoyant.
You fly up into the air.
You constrict the goblin. The goblin misses you. The jackal closely misses you.
The ball python bites you.
You die...

#..# # ...#.# .# # .
#..#.####.# ##+#+# ..
#..#......# #..... ...
#..#......# #..... ...
#..#......# +..... ..
#.)#......###.....
#.#..#.............#
.#.S@.!?(....##.#.#.#
......hg........+.......
...##......#....##......
.........###....####....
.................'....
.........###.##.####....
.............##.# #####
#####
.....##########.########
##...# .
#.#..#.............#


You could see a jackal, a goblin and a ball python.

Vanquished Creatures
  2 dart slugs (D:1)
  2 bats (D:1)
  2 endoplasms (D:1)
  A goblin (D:1)
  A hobgoblin (D:1)
  A jackal (D:1)
  2 ball pythons (D:1)
  A frilled lizard (D:1)
  3 kobolds (D:1)
  A rat (D:1)
16 creatures vanquished.

Notes
Turn   | Place    | Note
-------+----------+-------------------------------------------
     0 | D:1      | frimble the Octopode Warper began the quest for the Orb.
     0 | D:1      | Reached XP level 1. HP: 14/14 MP: 3/3
   147 | D:1      | Reached XP level 2. HP: 19/19 MP: 5/5
   461 | D:1      | Reached skill level 1 in Stealth
   463 | D:1      | Slain by a ball python

Illustrated notes

Levels and vault maps discovered:
D:1:      matt_arrival_grand_opening, layout_basic, minmay_tiny_reverse_x

Skill      XL: |  1  2 |
---------------+-------+-----
Short Blades   | 3 |  3.1
Stealth        | 1 |  1.0
Fighting       | |  2.0
Throwing       | |  1.0
Dodging        | |  2.3
Spellcasting   | |  2.0
Translocations | |  3.0

Action                     || total
---------------------------++-------
  Melee: Short sword       ||    31
         Tentacles         ||     8
         Constrict         ||     6
    Use: Potion            ||     1
   Stab: Sleeping          ||     6
 Armour: Skin              ||     3
  Dodge: Dodged            ||    11

Table legend: (Time is in decaauts)
 A = Elapsed time spent in this place.
 B = Non-inter-level travel time spent in this place.
 C = Inter-level travel time spent in this place.
 D = Time resting spent in this place.
 E = Time spent auto-exploring this place.
 F = Levels seen in this place.
 G = Mean time per level.
                   A        B        C        D        E       F      G
               +--------+--------+--------+--------+--------+-----+--------+
         Total |    458 |    458 |      0 |      0 |    352 |   1 |  458.0 |
       Dungeon |    458 |    458 |      0 |      0 |    352 |   1 |  458.0 |
               +--------+--------+--------+--------+--------+-----+--------+

Top non-repeatable levels by time:
     D:1: 458 daAuts
